Map: Zen LE

Players

ViBE - Winner!

  • Race: Zerg Zerg
  • League: Gold
  • Spawn Location: 7:00

ChaseTheCat

  • Race: Protoss Protoss
  • League: Platinum
  • Spawn Location: 1:00

VOD

Have the link to the VOD?

Description

Time

  • Played on: Dec. 8, 2019, 10:06 p.m.
  • Length: 15:49
Show
View Real Time Build Order
Export as new Build Order

ViBE Zerg - Winner!

Build Orders: Hatch First 

Get SALT Encoding   

  12  0:00  Drone  
  13  0:11  Drone  
  14  0:26  Overlord  
  14  0:32  Extractor x2  
  14  0:33  Drone x2  
  16  0:53  Hatchery  
  16  0:57  Drone  
  16  1:00  Drone  
  16  1:02  Drone  
  18  1:12  Drone  
  19  1:20  Spawning Pool  
  19  1:24  Drone  
  19  1:32  Drone  
  20  1:43  Extractor  
  20  1:45  Drone  
  20  1:53  Drone  
  21  2:06  Drone x2  
  21  2:07  Queen  
  21  2:08  Queen  
  27  2:14  Drone  
  28  2:20  Overlord  
  28  2:35  Overlord  
  28  2:38  Drone x3  
  28  2:43  Queen  
  33  2:46  Lair  
  33  2:48  Drone x2  
  35  2:52  Spine Crawler  
  35  2:58  Drone  
  35  3:06  Drone  
  35  3:12  Drone x2  
  38  3:16  Roach Warren  
  38  3:19  Drone x6  
  43  3:29  Drone  
  44  3:37  Extractor  
  44  3:38  Extractor, Evolution Chamber  
  44  3:41  Overlord  
  41  3:45  Hatchery  
  41  3:46  Overseer  
  40  3:55  Overlord  
  40  4:02  Queen x2  
  42  4:03  Drone x4  
  42  4:04  Drone  
  42  4:07  Drone  
  42  4:09  Drone  
  45  4:11  Drone  
  45  4:14  Spore Crawler  
  45  4:18  Spore Crawler  
  45  4:23  Drone  
  45  4:24  Drone  
  46  4:26  Spore Crawler  
  46  4:29  Drone x3  
  46  4:30  Drone  
  42  4:33  Drone  
  42  4:35  Drone  
  42  4:38  Drone  
  43  4:40  Drone  
  44  4:47  Drone x3  
  44  4:49  Drone  
  48  5:06  Roach x2  
  48  5:07  Roach  
  54  5:09  Roach  
  54  5:10  Roach x2  
  54  5:13  Roach x2  
  64  5:14  Overlord  
  64  5:23  Drone x2  
  64  5:27  Glial Reconstitution, Zerg Missile Weapons Level 1  
  66  5:30  Overlord  
  66  5:33  Drone x3  
  70  5:35  Drone  
  70  5:37  Drone  
  70  5:40  Overlord  
  71  5:50  Drone x6  
  71  5:52  Drone  
  71  5:54  Drone  
  71  5:56  Drone  
  80  5:57  Drone  
  80  5:59  Drone  
  80  6:01  Drone  
  83  6:09  Drone x2  
  83  6:10  Drone x3  
  84  6:18  Drone x6  
  90  6:20  Overlord  
  90  6:25  Hydralisk Den, Evolution Chamber  
  88  6:39  Extractor  
  87  6:40  Extractor  
  87  6:42  Overseer  
  86  6:47  Extractor  
  86  6:51  Hatchery  
  86  6:53  Zerg Ground Armor Level 1  
  86  6:54  Drone x3  
  86  6:56  Drone  
  86  6:57  Grooved Spines  
  88  7:04  Drone x2  
  91  7:08  Drone x5  
  91  7:09  Drone x3, Overlord  
  91  7:10  Overlord x2  
  98  7:29  Drone  
  99  7:30  Drone x9  
  99  7:32  Hydralisk x2  
  99  7:36  Hydralisk x2  
  116  7:45  Overlord  
  116  7:46  Overlord x2  
  116  7:51  Infestation Pit  
  115  8:07  Hatchery  
  115  8:09  Muscular Augments  
  115  8:10  Hydralisk x13  
  140  8:17  Extractor x2  
  140  8:18  Spore Crawler  
  137  8:24  Drone x3  
  137  8:26  Drone x2  
  142  8:30  Overlord x8  
  142  8:37  Hive  
  142  8:39  Zerg Missile Weapons Level 2  
  142  8:46  Zerg Ground Armor Level 2  
  142  8:57  Hydralisk x9  
  142  9:01  Hydralisk x2  
  164  9:08  Hydralisk x4  
  172  9:21  Hydralisk  
  172  9:22  Hydralisk x6  
  186  9:36  Hydralisk x7  
  200  9:42  Spine Crawler x2  
  200  9:44  Spine Crawler  
  197  9:46  Spine Crawler  
  197  9:49  Spine Crawler  
  197  9:51  Spine Crawler  
  194  9:56  Spine Crawler  
  194  10:05  Spine Crawler  
  193  10:09  Spine Crawler  
  192  10:14  Drone x9, Spine Crawler  
  192  10:18  Spore Crawler, Spine Crawler, Drone x4  
  192  10:19  Drone x3  
  197  10:23  Extractor  
  197  10:24  Extractor  
  197  10:26  Hydralisk  
  197  10:27  Hydralisk x4  
  193  10:39  Hydralisk  
  193  10:40  Hydralisk x5  
  193  10:48  Hydralisk x4  
  195  10:50  Hydralisk  
  195  10:51  Hydralisk  
  189  11:23  Zerg Missile Weapons Level 3, Zerg Ground Armor Level 3  
  175  11:26  Hydralisk x11  
  175  11:27  Hydralisk x4  
  177  11:40  Hydralisk x7  
  177  11:42  Hydralisk  
  165  12:05  Hydralisk x6  
  165  12:06  Hydralisk x7  
  191  12:22  Hydralisk x4  
  197  12:56  Hatchery  
  197  12:57  Hydralisk x2  
  200  13:17  Hydralisk  
  200  13:18  Hydralisk x6  
  200  13:20  Hydralisk  
  200  13:21  Hydralisk  
  164  13:42  Hydralisk x13  
  164  13:43  Hydralisk x6  
  186  14:01  Hydralisk  
  186  14:02  Hydralisk x6  
  200  14:05  Spore Crawler  
  199  14:13  Spine Crawler  
  199  14:14  Spine Crawler  
  197  14:19  Overseer x3  
  197  14:24  Hydralisk  
  197  14:25  Drone  
  196  15:23  Hydralisk  
  196  15:24  Hydralisk x8  
Show
View Real Time Build Order
Export as new Build Order

ChaseTheCat Protoss 

Build Orders: Oracle Opening 

Get SALT Encoding   

  12  0:00  Probe  
  13  0:15  Pylon  
  13  0:20  Probe (Chrono Boost)  
  14  0:30  Probe (Chrono Boost)  
  14  0:35  Probe (Chrono Boost)  
  16  0:44  Gateway  
  16  0:53  Probe, Assimilator  
  17  1:05  Probe  
  18  1:32  Pylon  
  18  1:37  Cybernetics Core  
  18  1:40  Zealot  
  18  1:42  Probe  
  21  1:54  Probe  
  21  1:58  Assimilator  
  21  1:59  Pylon  
  22  2:05  Gateway  
  22  2:06  Probe  
  22  2:07  Zealot  
  25  2:15  Warp Gate  
  25  2:23  Probe  
  26  2:31  Stargate  
  26  2:35  Probe  
  27  2:38  Stalker (Chrono Boost)  
  29  3:01  Pylon  
  29  3:16  Oracle (Chrono Boost)  
  32  3:43  Oracle (Chrono Boost)  
  32  4:27  Oracle (Chrono Boost)  
  35  4:35  Stalker  
  35  4:36  Sentry  
  36  4:52  Gateway  
  36  4:54  Robotics Facility  
  36  5:11  Zealot  
  36  5:12  Zealot  
  40  5:16  Nexus, Oracle (Chrono Boost)  
  40  5:18  Pylon  
  40  5:20  Pylon  
  43  5:23  Probe  
  44  5:35  Probe  
  45  5:37  Stalker, Assimilator  
  45  5:39  Stalker  
  45  5:41  Assimilator  
  49  5:47  Probe  
  50  5:59  Probe  
  51  6:11  Probe  
  49  6:22  Zealot x2  
  49  6:23  Stalker  
  52  6:26  Observer (Chrono Boost)  
  53  6:36  Twilight Council  
  53  6:38  Forge  
  53  6:40  Probe (Chrono Boost)  
  53  6:41  Probe (Chrono Boost)  
  55  6:52  Probe (Chrono Boost)  
  57  6:57  Observer  
  57  6:58  Probe (Chrono Boost)  
  57  6:59  Robotics Bay  
  57  7:00  Probe (Chrono Boost)  
  59  7:04  Probe  
  59  7:07  Probe  
  61  7:16  Charge, Probe  
  61  7:19  Probe  
  63  7:28  Probe  
  64  7:31  Probe  
  64  7:32  Zealot  
  64  7:33  Zealot  
  64  7:34  Zealot  
  71  7:37  Pylon  
  71  7:41  Probe  
  71  7:43  Probe  
  73  7:45  Protoss Ground Weapons Level 1 (Chrono Boost)  
  73  7:46  Extended Thermal Lance (Chrono Boost)  
  73  7:57  Pylon  
  73  8:05  Zealot x3  
  77  8:22  Colossus (Chrono Boost)  
  77  8:48  Pylon  
  77  8:50  Nexus  
  77  8:51  Pylon  
  77  8:54  Pylon  
  77  9:07  Zealot  
  77  9:08  Zealot x2  
  77  9:09  Colossus (Chrono Boost)  
  89  9:20  Gateway  
  89  9:23  Gateway  
  89  9:24  Pylon, Gateway  
  89  9:38  Stalker  
  89  9:39  Stalker  
  89  9:40  Stalker  
  95  9:45  Dark Shrine  
  95  9:48  Protoss Ground Weapons Level 2 (Chrono Boost)  
  95  10:04  Stalker x3  
  101  10:10  Probe x3  
  84  10:27  Colossus (Chrono Boost)  
  70  10:36  Zealot x2  
  68  10:43  Zealot  
  68  10:44  Zealot x2  
  68  10:49  Probe x2  
  70  11:05  Dark Templar x2  
  70  11:06  Dark Templar  
  70  11:08  Dark Templar  
  70  11:09  Archon  
  63  11:25  Zealot  
  63  11:26  Zealot  
  61  11:38  Zealot  
  61  11:39  Zealot x2  
  52  11:47  Colossus (Chrono Boost)  
  52  12:07  Nexus  
  52  12:10  Pylon  
  52  12:16  Dark Templar  
  52  12:17  Dark Templar  
  56  12:41  Archon  
  56  12:42  Colossus  
  58  12:49  Dark Templar  
  58  12:50  Dark Templar x2  
  60  12:58  Archon  
  60  13:07  Zealot x3  
  49  13:25  Dark Templar x3  
  35  13:59  Probe x2  
  37  14:11  Probe  
  37  14:12  Probe  
  37  14:14  Colossus (Chrono Boost)  
  37  14:15  Archon x2  
  45  14:25  Zealot x3  
  51  14:42  Pylon  
  51  15:04  Dark Templar x4  
  59  15:08  Archon x2  
  55  15:18  Stalker  
Tags
 
Add a new tag
Caveats
  • Supply blocks, unpowered buildings, or Contaminate may cause inaccurate times.
  • Supply counts are checked every 10 seconds.